Remparts vs Senators
Created - January 14, 2018 at 08:41
Goals
|
| Remparts |
1 |
1 |
0 |
2 |
| Senators |
2 |
1 |
2 |
5 |
|
Shots
|
| Remparts |
19 |
4 |
14 |
37 |
| Senators |
9 |
13 |
10 |
32 |
|
1st period
1. Senators , Gabriel Bourque 18 (Matt Frattin 15, Nicolas Deslauriers 14) at 5:37
2. Senators , Matt Frattin 12 (Gabriel Bourque 22, Shane Sims 12) at 7:49
3. Remparts , Matt Halischuk 10 (William Colbert 13, Pasi Salonen 16) at 17:11
Penalties :
Tommy Wingels (BIN) for Holding Stick (Minor) at 3:08, Chris Thorburn (BIN) for Hooking (Minor) at 13:45, Jeff Petry (BIN) for Tripping (Minor) at 18:55
2nd period
4. Remparts , Guillaume Desbiens 24 (Alex Galchenyuk 23, Mike Weber 12) at 0:06 (PP)
5. Senators , Matt Frattin 13 (Gabriel Bourque 23) at 1:45
Penalties :
Keegan Lowe (BIN) for Roughing (Minor) at 4:48, Shane Sims (BIN) for Interference (Minor) at 9:36
3rd period
6. Senators , Matt Frattin 14 (Gabriel Bourque 24, Tommy Wingels 24) at 13:29 (PP)
7. Senators , Chris Thorburn 30 (Nicolas Deslauriers 15, Stephane Da Costa 29) at 13:39
Penalties :
Jeff Petry (BIN) for Hooking (Minor) at 7:19, Marc-André Bernier (BIN) for Slashing (Minor) at 10:15, Griffin Reinhart (Que) for Hooking (Minor) at 12:35
Goalie Stats
Igor Bobkov (Que), 27 saves from 32 shots - (0.844), L, 7-5-2, 60:00 minutes
Brad Thiessen (BIN), 35 saves from 37 shots - (0.946), W, 19-9-1, 60:00 minutes
Players Stats for Remparts
Player Name G A P +/- PIM S H SB GA TA FO MP PP MP PK MP
------------------------------------------------------------------------------------
Alex Galchenyuk 0 1 1 -2 0 9 1 0 0 1 1/1 20:24 6:44 0:00
Chris Mueller 0 0 0 1 0 1 0 0 0 1 2/5 11:09 0:00 0:17
Cody Ceci 0 0 0 -3 0 1 0 0 0 0 0/0 18:11 0:00 0:33
Dale Weise 0 0 0 -2 0 1 0 0 0 0 0/0 8:06 0:00 0:00
Daniel Paille 0 0 0 0 0 3 5 1 0 1 0/0 19:44 6:21 0:00
Griffin Reinhart 0 0 0 0 2 2 0 2 0 2 0/0 22:59 4:49 0:00
Guillaume Desbiens 1 0 1 -2 0 5 3 0 2 0 3/3 20:24 6:44 0:00
Johannes Salmonsson 0 0 0 -2 0 2 1 0 1 0 0/0 8:43 0:00 0:37
Kris Russell 0 0 0 -3 0 4 4 2 1 4 0/0 26:01 8:16 0:21
Matt Halischuk 1 0 1 1 0 1 2 0 1 0 0/0 10:56 0:03 0:00
Max Reinhart 0 0 0 0 0 0 0 0 0 1 4/10 20:21 6:21 0:37
Michal Jordan 0 0 0 0 0 0 0 0 0 1 0/0 10:26 0:00 0:00
Mika Zibanejad 0 0 0 -2 0 1 1 0 0 0 13/36 20:24 6:44 0:00
Mike Weber 0 1 1 0 0 1 0 0 2 3 0/0 25:51 8:16 0:33
Mitchell Heard 0 0 0 -2 0 1 1 0 0 0 1/2 8:06 0:00 0:00
Pasi Salonen 0 1 1 1 0 3 1 0 2 0 1/1 11:09 0:00 0:17
Ryan Strome 0 0 0 0 0 1 4 0 2 0 0/1 19:40 6:18 0:00
William Colbert 0 1 1 0 0 1 2 0 0 0 0/0 16:31 4:49 0:21
Players Stats for Senators
Player Name G A P +/- PIM S H SB GA TA FO MP PP MP PK MP
------------------------------------------------------------------------------------
Chandler Stephenson 0 0 0 0 0 0 0 0 0 0 0/0 0:00 0:00 0:00
Chris Thorburn 1 0 1 0 2 4 2 2 1 1 2/2 21:07 0:00 3:22
Dylan Blujus 0 0 0 0 0 1 0 1 0 1 0/0 11:16 0:00 0:02
Freddie Hamilton 0 0 0 0 0 0 0 0 0 0 0/0 0:00 0:00 0:00
Gabriel Bourque 1 3 4 3 0 3 0 0 0 1 0/1 16:52 0:54 4:07
Gabriel Landeskog 0 0 0 0 0 2 1 0 1 1 2/2 25:49 0:00 7:39
Jeff Petry 0 0 0 2 4 3 0 0 1 1 0/0 16:57 0:00 3:58
Keegan Lowe 0 0 0 0 2 1 0 2 0 0 0/0 12:49 0:00 1:57
Marc-André Bernier 0 0 0 0 2 3 0 0 1 0 0/0 9:10 0:00 0:00
Matt Frattin 3 1 4 3 0 3 1 0 0 0 0/0 12:22 0:54 0:00
Nicolas Deslauriers 0 2 2 2 0 1 0 1 1 3 0/0 18:26 0:00 5:48
Patrick Bordeleau 0 0 0 0 0 1 2 0 0 0 1/2 11:41 0:00 2:10
Patrick Wey 0 0 0 1 0 3 3 2 3 0 0/0 31:25 0:54 8:06
Phil Di Giuseppe 0 0 0 0 0 0 0 0 0 0 0/0 0:00 0:00 0:00
Ryan Dzingel 0 0 0 0 0 0 1 0 1 0 0/0 8:12 0:00 1:16
Shane Prince 0 0 0 0 0 0 0 1 0 0 4/7 9:04 0:00 0:00
Shane Sims 0 1 1 1 2 3 1 4 1 2 0/0 30:01 0:54 6:19
Stephane Da Costa 0 1 1 0 0 1 1 1 4 0 20/32 25:46 0:00 7:36
Tomas Jurco 0 0 0 0 0 2 0 0 0 1 0/1 6:34 0:00 0:00
Tommy Wingels 0 1 1 3 2 1 1 0 0 0 5/11 12:43 0:54 0:00
Zemgus Girgensons 0 0 0 0 0 0 1 0 0 0 0/1 6:34 0:00 0:00
3 Stars
1 - Matt Frattin (BIN)
2 - Gabriel Bourque (BIN)
3 - Brad Thiessen (BIN)
Power Play
Remparts - 1 on 7 Attempt(s) - 14.29%
Senators - 1 on 1 Attempt(s) - 100.00%
Penalty Kill
Remparts - 0 on 1 Attempt(s) - 0.00%
- Score 0 goal in Penalty Kill
Senators - 6 on 7 Attempt(s) - 85.71%
- Score 0 goal in Penalty Kill
Team Stat
Remparts - Hits : 25 - Faceoff Wins : 25 - Blocked Shots : 5 - Penalty Minutes : 2
Senators - Hits : 14 - Faceoff Wins : 34 - Blocked Shots : 14 - Penalty Minutes : 14
Official
Referees : O'Rourke Dan and Kozari Steve
Linesman : Pierre Champoux and Shane Heyer
Game Notes
Matt Frattin has scored a Hat Trick!
Finance
Level 1 -- Attendance: 1580 (79.00%) -- Ticket Income $52,140
Level 2 -- Attendance: 762 (76.20%) -- Ticket Income $11,430
Total Attendance: 2342 (78.07%)
Total Ticket Income: $63,570
Other Income: $3,178
Total Income: $66,748
Remparts
5 vs 5 Forward
Center Left Wing Right Wing Time % Phy DF OF
1 Mika Zibanejad Alex Galchenyuk Guillaume Desbiens 40 0 2 3
2 Max Reinhart Daniel Paille Ryan Strome 30 0 2 3
3 Chris Mueller Pasi Salonen Matt Halischuk 20 0 2 3
4 Mitchell Heard Johannes Salmonsson Dale Weise 10 0 2 3
5 vs 5 Defense
Defense Defense Time % Phy DF OF
1 Kris Russell Cody Ceci 40 1 2 2
2 Mike Weber Griffin Reinhart 30 1 2 2
3 William Colbert Michal Jordan 20 1 2 2
4 Kris Russell Cody Ceci 10 1 2 2
PowerPlay Forward
Center Left Wing Right Wing Time % Phy DF OF
1 Mika Zibanejad Alex Galchenyuk Guillaume Desbiens 60 1 0 4
2 Max Reinhart Daniel Paille Ryan Strome 40 1 0 4
PowerPlay Defense
Defense Defense Time % Phy DF OF
1 Kris Russell Mike Weber 60 0 2 3
2 William Colbert Griffin Reinhart 40 0 2 3
Penalty Kill 4 Players Forward
Center Wing Time % Phy DF OF
1 Max Reinhart Johannes Salmonsson 60 0 4 1
2 Chris Mueller Pasi Salonen 40 0 4 1
Penalty Kill 4 Players Defense
Defense Defense Time % Phy DF OF
1 Cody Ceci Mike Weber 60 1 4 0
2 William Colbert Kris Russell 40 1 4 0
Penalty Kill - 3 Players Forward
Forward Time % Phy DF OF
1 Max Reinhart 60 0 4 1
2 Chris Mueller 40 0 4 1
Penalty Kill - 3 Players Defense
Defense Defense Time % Phy DF OF
1 Cody Ceci Mike Weber 60 1 4 0
2 William Colbert Kris Russell 40 1 4 0
4 vs 4 Forward
Center Wing Time % Phy DF OF
1 Mika Zibanejad Alex Galchenyuk 60 0 2 3
2 Max Reinhart Guillaume Desbiens 40 0 2 3
4 vs 4 Defense
Defense Defense Time % Phy DF OF
1 Kris Russell Cody Ceci 60 1 2 2
2 Mike Weber Griffin Reinhart 40 1 2 2
Last Minutes Offensive
Center Left Wing Right Wing Defense Defense
Mika Zibanejad Alex Galchenyuk Guillaume Desbiens Kris Russell Mike Weber
Last Minutes Defensive
Center Left Wing Right Wing Defense Defense
Max Reinhart Johannes Salmonsson Guillaume Desbiens Cody Ceci Mike Weber
Goaltenders
Starting : Igor Bobkov
Backup : Tyler Plante
Extra Forwards
Normal : Ryan Strome, Alex Galchenyuk, Mika Zibanejad - PP : Ryan Strome, Alex Galchenyuk - PK : Guillaume Desbiens
Extra Defensemen
Normal : Griffin Reinhart, Cody Ceci, Mike Weber - PP : Cody Ceci - PK : Griffin Reinhart, Cody Ceci
Penalty Shots
Alex Galchenyuk, Pasi Salonen, Daniel Paille, Ryan Strome, Matt Halischuk
Scratches
Michael Paliotta (Healthy), Anton Zlobin (Healthy), Erik Gustafsson (Healthy), Patrick Maroon (Healthy), Tim Bozon (Healthy)
François Brassard (Healthy)
Senators
5 vs 5 Forward
Center Left Wing Right Wing Time % Phy DF OF
1 Stephane Da Costa Gabriel Landeskog Chris Thorburn 40 1 2 2
2 Tommy Wingels Gabriel Bourque Matt Frattin 30 1 2 2
3 Shane Prince Patrick Bordeleau Marc-André Bernier 20 1 2 2
4 Zemgus Girgensons Ryan Dzingel Tomas Jurco 10 1 2 2
5 vs 5 Defense
Defense Defense Time % Phy DF OF
1 Patrick Wey Shane Sims 40 1 2 2
2 Jeff Petry Nicolas Deslauriers 30 1 2 2
3 Dylan Blujus Keegan Lowe 20 1 2 2
4 Patrick Wey Shane Sims 10 1 2 2
PowerPlay Forward
Center Left Wing Right Wing Time % Phy DF OF
1 Stephane Da Costa Gabriel Landeskog Chris Thorburn 60 1 2 2
2 Tommy Wingels Gabriel Bourque Matt Frattin 40 1 2 2
PowerPlay Defense
Defense Defense Time % Phy DF OF
1 Patrick Wey Shane Sims 60 1 2 2
2 Jeff Petry Nicolas Deslauriers 40 1 2 2
Penalty Kill 4 Players Forward
Center Wing Time % Phy DF OF
1 Stephane Da Costa Gabriel Landeskog 60 1 2 2
2 Chris Thorburn Gabriel Bourque 40 1 2 2
Penalty Kill 4 Players Defense
Defense Defense Time % Phy DF OF
1 Patrick Wey Shane Sims 60 1 2 2
2 Jeff Petry Nicolas Deslauriers 40 1 2 2
Penalty Kill - 3 Players Forward
Forward Time % Phy DF OF
1 Stephane Da Costa 60 1 2 2
2 Gabriel Landeskog 40 1 2 2
Penalty Kill - 3 Players Defense
Defense Defense Time % Phy DF OF
1 Patrick Wey Shane Sims 60 1 2 2
2 Jeff Petry Nicolas Deslauriers 40 1 2 2
4 vs 4 Forward
Center Wing Time % Phy DF OF
1 Stephane Da Costa Gabriel Landeskog 60 1 2 2
2 Chris Thorburn Gabriel Bourque 40 1 2 2
4 vs 4 Defense
Defense Defense Time % Phy DF OF
1 Patrick Wey Shane Sims 60 1 2 2
2 Jeff Petry Nicolas Deslauriers 40 1 2 2
Last Minutes Offensive
Center Left Wing Right Wing Defense Defense
Stephane Da Costa Gabriel Landeskog Chris Thorburn Patrick Wey Shane Sims
Last Minutes Defensive
Center Left Wing Right Wing Defense Defense
Stephane Da Costa Gabriel Landeskog Chris Thorburn Patrick Wey Shane Sims
Goaltenders
Starting : Brad Thiessen
Backup : Ben Bishop
Extra Forwards
Normal : Phil Di Giuseppe, Chandler Stephenson, Patrick Bordeleau - PP : Phil Di Giuseppe, Chandler Stephenson - PK : Patrick Bordeleau
Extra Defensemen
Normal : Dylan Blujus, Keegan Lowe, Jeff Petry - PP : Dylan Blujus - PK : Keegan Lowe, Jeff Petry
Penalty Shots
Stephane Da Costa, Gabriel Landeskog, Chris Thorburn, Gabriel Bourque, Tommy Wingels
Scratches
Logan Stephenson (Healthy), Matt Tomkins (Healthy)
% Time on Ice - Remparts
Lines # - Real PCT - Wanted PCT - Time Play
Normal Forward
1 - 30% - 40% - 13:40
2 - 29% - 30% - 13:23
3 - 24% - 20% - 10:52
4 - 18% - 10% - 8:06
Normal Defense
1 - 37% - 40% - 16:59
2 - 38% - 30% - 17:22
3 - 23% - 20% - 10:26
4 - 3% - 10% - 1:14
PP Forward
1 - 51% - 60% - 6:44
2 - 49% - 40% - 6:21
PP Defense
1 - 63% - 60% - 8:16
2 - 37% - 40% - 4:49
PK Forward
1 - 69% - 60% - 0:37
2 - 31% - 40% - 0:17
PK Defense
1 - 61% - 60% - 0:33
2 - 39% - 40% - 0:21
PK3 Forward
1 - 0% - 60%
2 - 0% - 40%
PK3 Defense
1 - 0% - 60%
2 - 0% - 40%
44 Forward
1 - 0% - 60%
2 - 0% - 40%
44 Defense
1 - 0% - 60%
2 - 0% - 40%
Last Minute Offensive - 0:00
Last Minute Defensive - 0:00
Total
Forward - 60:00
Defense - 60:00
|
% Time on Ice - Senators
Lines # - Real PCT - Wanted PCT - Time Play
Normal Forward
1 - 40% - 40% - 18:32
2 - 26% - 30% - 11:51
3 - 20% - 20% - 9:04
4 - 14% - 10% - 6:34
Normal Defense
1 - 46% - 40% - 21:03
2 - 29% - 30% - 13:17
3 - 23% - 20% - 10:24
4 - 3% - 10% - 1:17
PP Forward
1 - 0% - 60% - 0:00
2 - 100% - 40% - 0:54
PP Defense
1 - 100% - 60% - 0:54
2 - 0% - 40% - 0:00
PK Forward
1 - 69% - 60% - 8:58
2 - 31% - 40% - 4:07
PK Defense
1 - 63% - 60% - 8:18
2 - 37% - 40% - 4:47
PK3 Forward
1 - 0% - 60%
2 - 0% - 40%
PK3 Defense
1 - 0% - 60%
2 - 0% - 40%
44 Forward
1 - 0% - 60%
2 - 0% - 40%
44 Defense
1 - 0% - 60%
2 - 0% - 40%
Last Minute Offensive - 0:00
Last Minute Defensive - 0:00
Total
Forward - 60:00
Defense - 60:00
|
Play by Play
1st period
0:01 of 1st period - Guillaume Desbiens wins face-off versus Stephane Da Costa in neutral zone.
0:06 of 1st period - Shane Sims is hit by Guillaume Desbiens and loses puck.
0:11 of 1st period - Snap shot by Alex Galchenyuk.
0:11 of 1st period - Stopped by Brad Thiessen with a rebound.
0:13 of 1st period - Snap shot by Alex Galchenyuk.
0:13 of 1st period - Shot Misses the Net.
0:15 of 1st period - Wrist shot by Mika Zibanejad.
0:15 of 1st period - Shot Misses the Net.
0:25 of 1st period - Gabriel Bourque is hit by Kris Russell and loses puck.
0:32 of 1st period - Snap shot by Gabriel Bourque.
0:32 of 1st period - Shot Misses the Net.
0:34 of 1st period - Slapshot by Nicolas Deslauriers.
0:34 of 1st period - Stopped by Igor Bobkov without a rebound.
0:35 of 1st period - Patrick Bordeleau wins face-off versus Chris Mueller in Remparts zone.
1:27 of 1st period - Mike Weber is hit by Stephane Da Costa.
1:42 of 1st period - Gabriel Landeskog is hit by Daniel Paille and loses puck.
1:51 of 1st period - Chris Thorburn is hit by Daniel Paille and loses puck.
2:51 of 1st period - Snap shot by Mika Zibanejad.
2:51 of 1st period - Stopped by Brad Thiessen without a rebound.
2:52 of 1st period - Mika Zibanejad wins face-off versus Shane Prince in Senators zone.
2:53 of 1st period - Wrist shot by Alex Galchenyuk.
2:53 of 1st period - Stopped by Brad Thiessen without a rebound.
2:54 of 1st period - Mika Zibanejad wins face-off versus Shane Prince in Senators zone.
3:03 of 1st period - Snap shot by Guillaume Desbiens.
3:03 of 1st period - Deflect By Alex Galchenyuk.
3:03 of 1st period - Stopped by Brad Thiessen without a rebound.
3:04 of 1st period - Max Reinhart wins face-off versus Tommy Wingels in Senators zone.
3:08 of 1st period - Minor Penalty to Tommy Wingels for Holding Stick.
3:09 of 1st period - Mika Zibanejad wins face-off versus Stephane Da Costa in Senators zone.
3:13 of 1st period - Slapshot by Guillaume Desbiens.
3:13 of 1st period - Stopped by Brad Thiessen without a rebound.
3:14 of 1st period - Stephane Da Costa wins face-off versus Mika Zibanejad in Senators zone.
4:19 of 1st period - Daniel Paille is hit by Patrick Wey and loses puck.
4:56 of 1st period - Nicolas Deslauriers is hit by Daniel Paille and loses puck.
5:05 of 1st period - Patrick Bordeleau is hit by Daniel Paille and loses puck.
5:08 of 1st period - Penalty to Tommy Wingels is over, Tommy Wingels is back on ice.
5:16 of 1st period - Jeff Petry is hit by Kris Russell and loses puck.
5:37 of 1st period - Snap shot by Gabriel Bourque.
5:37 of 1st period - Goal by Gabriel Bourque - Remparts : 0 - Senators : 1.
5:38 of 1st period - Mika Zibanejad wins face-off versus Gabriel Bourque in neutral zone.
5:47 of 1st period - Snap shot by Guillaume Desbiens.
5:47 of 1st period - Shot Blocked by Shane Sims.
5:49 of 1st period - Wrist shot by Guillaume Desbiens.
5:49 of 1st period - Deflect By Mika Zibanejad.
5:49 of 1st period - Shot Misses the Net.
5:49 of 1st period - Puck is out of play.
5:50 of 1st period - Guillaume Desbiens wins face-off versus Tommy Wingels in Senators zone.
5:51 of 1st period - Snap shot by Alex Galchenyuk.
5:51 of 1st period - Deflect By Shane Sims.
5:51 of 1st period - Shot Misses the Net.
5:51 of 1st period - Puck is out of play.
5:52 of 1st period - Mika Zibanejad wins face-off versus Tommy Wingels in Senators zone.
5:57 of 1st period - Snap shot by Alex Galchenyuk.
5:57 of 1st period - Shot Misses the Net.
6:03 of 1st period - Slapshot by Shane Sims.
6:03 of 1st period - Shot Blocked by Kris Russell.
6:05 of 1st period - Slapshot by Shane Sims.
6:05 of 1st period - Shot Misses the Net.
6:07 of 1st period - Snap shot by Gabriel Bourque.
6:07 of 1st period - Stopped by Igor Bobkov without a rebound.
6:08 of 1st period - Max Reinhart wins face-off versus Stephane Da Costa in Remparts zone.
6:15 of 1st period - Wrist shot by Max Reinhart.
6:15 of 1st period - Shot Misses the Net.
6:44 of 1st period - Slapshot by Daniel Paille.
6:44 of 1st period - Stopped by Brad Thiessen without a rebound.
6:45 of 1st period - Guillaume Desbiens wins face-off versus Tommy Wingels in Senators zone.
6:46 of 1st period - Snap shot by Alex Galchenyuk.
6:46 of 1st period - Stopped by Brad Thiessen with a rebound.
6:48 of 1st period - Snap shot by Guillaume Desbiens.
6:48 of 1st period - Shot Misses the Net.
6:50 of 1st period - Snap shot by Kris Russell.
6:50 of 1st period - Shot Misses the Net.
6:52 of 1st period - Wrist shot by Alex Galchenyuk.
6:52 of 1st period - Stopped by Brad Thiessen with a rebound.
6:56 of 1st period - Wrist shot by Guillaume Desbiens.
6:56 of 1st period - Shot Blocked by Nicolas Deslauriers.
6:58 of 1st period - Wrist shot by Guillaume Desbiens.
6:58 of 1st period - Shot Misses the Net.
7:00 of 1st period - Snap shot by Alex Galchenyuk.
7:00 of 1st period - Deflect By Guillaume Desbiens.
7:00 of 1st period - Stopped by Brad Thiessen with a rebound.
7:15 of 1st period - Slapshot by Mitchell Heard.
7:15 of 1st period - Shot Blocked by Keegan Lowe.
7:39 of 1st period - Wrist shot by Gabriel Bourque.
7:39 of 1st period - Shot Misses the Net.
7:41 of 1st period - Snap shot by Matt Frattin.
7:41 of 1st period - Shot Misses the Net.
7:43 of 1st period - Snap shot by Shane Sims.
7:43 of 1st period - Stopped by Igor Bobkov with a rebound.
7:49 of 1st period - Snap shot by Matt Frattin.
7:49 of 1st period - Goal by Matt Frattin - Remparts : 0 - Senators : 2.
7:50 of 1st period - Mika Zibanejad wins face-off versus Stephane Da Costa in neutral zone.
8:24 of 1st period - Snap shot by Daniel Paille.
8:24 of 1st period - Shot Misses the Net.
9:36 of 1st period - Slapshot by Patrick Bordeleau.
9:36 of 1st period - Shot Blocked by Daniel Paille.
9:38 of 1st period - Snap shot by Patrick Bordeleau.
9:38 of 1st period - Stopped by Igor Bobkov with a rebound.
9:40 of 1st period - Snap shot by Marc-André Bernier.
9:40 of 1st period - Shot Misses the Net.
9:44 of 1st period - Snap shot by Patrick Bordeleau.
9:44 of 1st period - Deflect By Marc-André Bernier.
9:44 of 1st period - Stopped by Igor Bobkov with a rebound.
9:56 of 1st period - Snap shot by Alex Galchenyuk.
9:56 of 1st period - Stopped by Brad Thiessen with a rebound.
10:02 of 1st period - Slapshot by Patrick Wey.
10:02 of 1st period - Stopped by Igor Bobkov with a rebound.
10:04 of 1st period - Slapshot by Patrick Wey.
10:04 of 1st period - Shot Misses the Net.
10:36 of 1st period - Snap shot by Johannes Salmonsson.
10:36 of 1st period - Deflect By Dale Weise.
10:36 of 1st period - Stopped by Brad Thiessen without a rebound.
10:37 of 1st period - Shane Prince wins face-off versus Mitchell Heard in Senators zone.
11:02 of 1st period - Snap shot by Johannes Salmonsson.
11:02 of 1st period - Deflect By Mitchell Heard.
11:02 of 1st period - Shot Blocked by Chris Thorburn.
11:02 of 1st period - Puck is out of play.
11:03 of 1st period - Mika Zibanejad wins face-off versus Stephane Da Costa in Senators zone.
11:06 of 1st period - Snap shot by Alex Galchenyuk.
11:06 of 1st period - Stopped by Brad Thiessen with a rebound.
11:18 of 1st period - Chris Thorburn is hit by Guillaume Desbiens.
11:28 of 1st period - Daniel Paille is hit by Tommy Wingels and loses puck.
11:59 of 1st period - Slapshot by Johannes Salmonsson.
11:59 of 1st period - Stopped by Brad Thiessen with a rebound.
13:15 of 1st period - Wrist shot by Patrick Bordeleau.
13:15 of 1st period - Shot Misses the Net.
13:21 of 1st period - Patrick Bordeleau is hit by Matt Halischuk and loses puck.
13:45 of 1st period - Minor Penalty to Chris Thorburn for Hooking.
13:46 of 1st period - Mika Zibanejad wins face-off versus Stephane Da Costa in Senators zone.
13:53 of 1st period - Slapshot by Alex Galchenyuk.
13:53 of 1st period - Deflect By Mika Zibanejad.
13:53 of 1st period - Shot Blocked by Shane Sims.
13:53 of 1st period - Puck is out of play.
13:54 of 1st period - Mika Zibanejad wins face-off versus Stephane Da Costa in Senators zone.
13:57 of 1st period - Wrist shot by Alex Galchenyuk.
13:57 of 1st period - Shot Blocked by Patrick Wey.
13:59 of 1st period - Snap shot by Alex Galchenyuk.
13:59 of 1st period - Shot Misses the Net.
14:01 of 1st period - Slapshot by Kris Russell.
14:01 of 1st period - Deflect By Guillaume Desbiens.
14:01 of 1st period - Stopped by Brad Thiessen with a rebound.
15:01 of 1st period - Snap shot by Alex Galchenyuk.
15:01 of 1st period - Shot Misses the Net.
15:03 of 1st period - Wrist shot by Mike Weber.
15:03 of 1st period - Deflect By Alex Galchenyuk.
15:03 of 1st period - Stopped by Brad Thiessen without a rebound.
15:04 of 1st period - Max Reinhart wins face-off versus Patrick Bordeleau in Senators zone.
15:45 of 1st period - Penalty to Chris Thorburn is over, Chris Thorburn is back on ice.
15:52 of 1st period - Off-side.
15:53 of 1st period - Chris Mueller wins face-off versus Tomas Jurco in neutral zone.
16:18 of 1st period - Gabriel Bourque is hit by Mitchell Heard and loses puck.
16:27 of 1st period - Cody Ceci is hit by Matt Frattin and loses puck.
16:40 of 1st period - Snap shot by Guillaume Desbiens.
16:40 of 1st period - Deflect By Alex Galchenyuk.
16:40 of 1st period - Shot Misses the Net.
16:40 of 1st period - Puck is out of play.
16:41 of 1st period - Mika Zibanejad wins face-off versus Stephane Da Costa in Senators zone.
17:05 of 1st period - Slapshot by Pasi Salonen.
17:05 of 1st period - Stopped by Brad Thiessen with a rebound.
17:07 of 1st period - Slapshot by William Colbert.
17:07 of 1st period - Shot Misses the Net.
17:09 of 1st period - Slapshot by William Colbert.
17:09 of 1st period - Stopped by Brad Thiessen with a rebound.
17:11 of 1st period - Snap shot by Matt Halischuk.
17:11 of 1st period - Goal by Matt Halischuk - Remparts : 1 - Senators : 2.
17:12 of 1st period - Stephane Da Costa wins face-off versus Mika Zibanejad in neutral zone.
17:20 of 1st period - Chris Thorburn is hit by Mika Zibanejad and loses puck.
17:58 of 1st period - Slapshot by Marc-André Bernier.
17:58 of 1st period - Stopped by Igor Bobkov without a rebound.
17:59 of 1st period - Chris Mueller wins face-off versus Shane Prince in Remparts zone.
18:22 of 1st period - Wrist shot by Pasi Salonen.
18:22 of 1st period - Stopped by Brad Thiessen with a rebound.
18:24 of 1st period - Snap shot by Mike Weber.
18:24 of 1st period - Deflect By Chris Mueller.
18:24 of 1st period - Shot Hit the Post.
18:24 of 1st period - Puck is out of play.
18:25 of 1st period - Gabriel Landeskog wins face-off versus Mika Zibanejad in Senators zone.
18:55 of 1st period - Minor Penalty to Jeff Petry for Tripping.
18:56 of 1st period - Gabriel Landeskog wins face-off versus Max Reinhart in Senators zone.
19:04 of 1st period - Snap shot by Mike Weber.
19:04 of 1st period - Shot Misses the Net.
Goals for this period are 1 for Remparts vs 2 for Senators.
Shots for this period are 19 for Remparts vs 9 for Senators.
2nd period
0:01 of 2nd period - Stephane Da Costa wins face-off versus Mika Zibanejad in neutral zone.
0:06 of 2nd period - Wrist shot by Guillaume Desbiens.
0:06 of 2nd period - Goal by Guillaume Desbiens - Remparts : 2 - Senators : 2.
0:07 of 2nd period - Stephane Da Costa wins face-off versus Mika Zibanejad in neutral zone.
0:34 of 2nd period - Snap shot by Matt Halischuk.
0:34 of 2nd period - Deflect By Pasi Salonen.
0:34 of 2nd period - Shot Misses the Net.
0:34 of 2nd period - Puck is out of play.
0:35 of 2nd period - Tommy Wingels wins face-off versus Chris Mueller in Senators zone.
1:31 of 2nd period - Off-side.
1:32 of 2nd period - Tommy Wingels wins face-off versus Mika Zibanejad in neutral zone.
1:45 of 2nd period - Slapshot by Matt Frattin.
1:45 of 2nd period - Goal by Matt Frattin - Remparts : 2 - Senators : 3.
1:46 of 2nd period - Stephane Da Costa wins face-off versus Max Reinhart in neutral zone.
1:48 of 2nd period - Off-side.
1:49 of 2nd period - Stephane Da Costa wins face-off versus Ryan Strome in neutral zone.
2:39 of 2nd period - Snap shot by Patrick Bordeleau.
2:39 of 2nd period - Shot Misses the Net.
3:26 of 2nd period - Gabriel Landeskog is hit by Johannes Salmonsson and loses puck.
4:29 of 2nd period - Snap shot by Shane Sims.
4:29 of 2nd period - Deflect By Tomas Jurco.
4:29 of 2nd period - Shot Misses the Net.
4:29 of 2nd period - Puck is out of play.
4:30 of 2nd period - Chris Thorburn wins face-off versus Mika Zibanejad in Remparts zone.
4:48 of 2nd period - Minor Penalty to Keegan Lowe for Roughing.
4:49 of 2nd period - Stephane Da Costa wins face-off versus Mika Zibanejad in Senators zone.
5:22 of 2nd period - Icing by Max Reinhart.
5:23 of 2nd period - Stephane Da Costa wins face-off versus Max Reinhart in Remparts zone.
5:24 of 2nd period - Snap shot by Gabriel Landeskog.
5:24 of 2nd period - Stopped by Igor Bobkov with a rebound.
5:30 of 2nd period - Daniel Paille is hit by Gabriel Landeskog and loses puck.
6:03 of 2nd period - Wrist shot by Ryan Strome.
6:03 of 2nd period - Stopped by Brad Thiessen without a rebound.
6:04 of 2nd period - Stephane Da Costa wins face-off versus Mika Zibanejad in Senators zone.
6:48 of 2nd period - Penalty to Keegan Lowe is over, Keegan Lowe is back on ice.
7:03 of 2nd period - Wrist shot by Chris Thorburn.
7:03 of 2nd period - Stopped by Igor Bobkov with a rebound.
7:05 of 2nd period - Slapshot by Jeff Petry.
7:05 of 2nd period - Stopped by Igor Bobkov without a rebound.
7:06 of 2nd period - Shane Prince wins face-off versus Mika Zibanejad in Remparts zone.
7:15 of 2nd period - Slapshot by Marc-André Bernier.
7:15 of 2nd period - Shot Misses the Net.
7:17 of 2nd period - Snap shot by Shane Prince.
7:17 of 2nd period - Shot Misses the Net.
7:19 of 2nd period - Slapshot by Patrick Wey.
7:19 of 2nd period - Stopped by Igor Bobkov without a rebound.
7:20 of 2nd period - Stephane Da Costa wins face-off versus Max Reinhart in Remparts zone.
7:21 of 2nd period - Slapshot by Chris Thorburn.
7:21 of 2nd period - Stopped by Igor Bobkov with a rebound.
7:47 of 2nd period - Snap shot by Matt Halischuk.
7:47 of 2nd period - Shot Misses the Net.
8:04 of 2nd period - Icing by Matt Halischuk.
8:05 of 2nd period - Pasi Salonen wins face-off versus Tommy Wingels in Remparts zone.
8:30 of 2nd period - Snap shot by Matt Halischuk.
8:30 of 2nd period - Shot Hit the Post.
9:17 of 2nd period - Snap shot by Johannes Salmonsson.
9:17 of 2nd period - Shot Misses the Net.
9:36 of 2nd period - Minor Penalty to Shane Sims for Interference.
9:37 of 2nd period - Alex Galchenyuk wins face-off versus Stephane Da Costa in Senators zone.
10:03 of 2nd period - Gabriel Landeskog is hit by Ryan Strome and loses puck.
10:40 of 2nd period - Snap shot by Chris Thorburn.
10:40 of 2nd period - Deflect By Daniel Paille.
10:40 of 2nd period - Stopped by Igor Bobkov with a rebound.
11:36 of 2nd period - Penalty to Shane Sims is over, Shane Sims is back on ice.
11:39 of 2nd period - Snap shot by Shane Sims.
11:39 of 2nd period - Shot Misses the Net.
12:34 of 2nd period - Matt Halischuk is hit by Patrick Bordeleau and loses puck.
13:22 of 2nd period - Kris Russell is hit by Patrick Bordeleau and loses puck.
13:59 of 2nd period - Chris Mueller is hit by Zemgus Girgensons.
14:07 of 2nd period - Chris Mueller is hit by Ryan Dzingel and loses puck.
14:20 of 2nd period - Gabriel Bourque is hit by Ryan Strome and loses puck.
14:56 of 2nd period - Slapshot by Kris Russell.
14:56 of 2nd period - Shot Blocked by Stephane Da Costa.
15:24 of 2nd period - Snap shot by Ryan Dzingel.
15:24 of 2nd period - Shot Blocked by Griffin Reinhart.
15:26 of 2nd period - Slapshot by Shane Sims.
15:26 of 2nd period - Deflect By Griffin Reinhart.
15:26 of 2nd period - Stopped by Igor Bobkov with a rebound.
15:42 of 2nd period - Slapshot by Matt Frattin.
15:42 of 2nd period - Shot Misses the Net.
15:44 of 2nd period - Snap shot by Jeff Petry.
15:44 of 2nd period - Stopped by Igor Bobkov without a rebound.
15:45 of 2nd period - Shane Prince wins face-off versus Mika Zibanejad in Remparts zone.
15:56 of 2nd period - Snap shot by Alex Galchenyuk.
15:56 of 2nd period - Stopped by Brad Thiessen without a rebound.
15:57 of 2nd period - Stephane Da Costa wins face-off versus Mika Zibanejad in Senators zone.
17:15 of 2nd period - Wrist shot by Tomas Jurco.
17:15 of 2nd period - Stopped by Igor Bobkov with a rebound.
17:17 of 2nd period - Wrist shot by Ryan Dzingel.
17:17 of 2nd period - Shot Misses the Net.
17:19 of 2nd period - Slapshot by Dylan Blujus.
17:19 of 2nd period - Stopped by Igor Bobkov with a rebound.
18:16 of 2nd period - Patrick Wey is hit by Matt Halischuk.
18:46 of 2nd period - Snap shot by Stephane Da Costa.
18:46 of 2nd period - Stopped by Igor Bobkov with a rebound.
19:07 of 2nd period - Snap shot by Marc-André Bernier.
19:07 of 2nd period - Stopped by Igor Bobkov with a rebound.
19:25 of 2nd period - Snap shot by Daniel Paille.
19:25 of 2nd period - Stopped by Brad Thiessen with a rebound.
Goals for this period are 1 for Remparts vs 1 for Senators.
Shots for this period are 4 for Remparts vs 13 for Senators.
3rd period
0:01 of 3rd period - Chris Thorburn wins face-off versus Mika Zibanejad in neutral zone.
0:20 of 3rd period - Icing by Mika Zibanejad.
0:21 of 3rd period - Mika Zibanejad wins face-off versus Tommy Wingels in Remparts zone.
0:34 of 3rd period - Slapshot by Alex Galchenyuk.
0:34 of 3rd period - Shot Misses the Net.
1:15 of 3rd period - Patrick Wey is hit by Kris Russell and loses puck.
1:24 of 3rd period - Snap shot by Guillaume Desbiens.
1:24 of 3rd period - Shot Misses the Net.
1:30 of 3rd period - Slapshot by Shane Sims.
1:30 of 3rd period - Stopped by Igor Bobkov with a rebound.
1:32 of 3rd period - Slapshot by Patrick Wey.
1:32 of 3rd period - Deflect By Mika Zibanejad.
1:32 of 3rd period - Stopped by Igor Bobkov without a rebound.
1:33 of 3rd period - Stephane Da Costa wins face-off versus Max Reinhart in Remparts zone.
3:15 of 3rd period - Johannes Salmonsson is hit by Shane Sims and loses puck.
3:22 of 3rd period - Wrist shot by Gabriel Bourque.
3:22 of 3rd period - Stopped by Igor Bobkov with a rebound.
3:50 of 3rd period - Snap shot by Jeff Petry.
3:50 of 3rd period - Stopped by Igor Bobkov with a rebound.
3:52 of 3rd period - Slapshot by Keegan Lowe.
3:52 of 3rd period - Stopped by Igor Bobkov without a rebound.
3:53 of 3rd period - Stephane Da Costa wins face-off versus Mika Zibanejad in Remparts zone.
4:18 of 3rd period - Tommy Wingels is hit by Ryan Strome and loses puck.
4:23 of 3rd period - Snap shot by Daniel Paille.
4:23 of 3rd period - Shot Misses the Net.
4:25 of 3rd period - Snap shot by Max Reinhart.
4:25 of 3rd period - Shot Misses the Net.
4:27 of 3rd period - Snap shot by Daniel Paille.
4:27 of 3rd period - Stopped by Brad Thiessen with a rebound.
4:45 of 3rd period - Snap shot by Pasi Salonen.
4:45 of 3rd period - Shot Blocked by Dylan Blujus.
4:47 of 3rd period - Slapshot by Griffin Reinhart.
4:47 of 3rd period - Shot Blocked by Keegan Lowe.
4:56 of 3rd period - Off-side.
4:57 of 3rd period - Mitchell Heard wins face-off versus Zemgus Girgensons in neutral zone.
5:06 of 3rd period - Snap shot by Mitchell Heard.
5:06 of 3rd period - Stopped by Brad Thiessen with a rebound.
5:08 of 3rd period - Wrist shot by Johannes Salmonsson.
5:08 of 3rd period - Stopped by Brad Thiessen without a rebound.
5:09 of 3rd period - Stephane Da Costa wins face-off versus Mika Zibanejad in Senators zone.
5:38 of 3rd period - Wrist shot by Pasi Salonen.
5:38 of 3rd period - Stopped by Brad Thiessen with a rebound.
5:40 of 3rd period - Wrist shot by Chris Mueller.
5:40 of 3rd period - Stopped by Brad Thiessen without a rebound.
5:41 of 3rd period - Tommy Wingels wins face-off versus Chris Mueller in Senators zone.
5:52 of 3rd period - Snap shot by Tommy Wingels.
5:52 of 3rd period - Stopped by Igor Bobkov with a rebound.
6:06 of 3rd period - Slapshot by Griffin Reinhart.
6:06 of 3rd period - Deflect By Jeff Petry.
6:06 of 3rd period - Stopped by Brad Thiessen without a rebound.
6:07 of 3rd period - Shane Prince wins face-off versus Mika Zibanejad in Senators zone.
6:12 of 3rd period - Wrist shot by Marc-André Bernier.
6:12 of 3rd period - Shot Misses the Net.
6:32 of 3rd period - Kris Russell is hit by Patrick Wey and loses puck.
6:36 of 3rd period - Cody Ceci is hit by Chris Thorburn and loses puck.
7:19 of 3rd period - Minor Penalty to Jeff Petry for Hooking.
7:20 of 3rd period - Stephane Da Costa wins face-off versus Mika Zibanejad in Senators zone.
8:56 of 3rd period - Stephane Da Costa is hit by Kris Russell and loses puck.
9:11 of 3rd period - Kris Russell is hit by Patrick Wey and loses puck.
9:19 of 3rd period - Penalty to Jeff Petry is over, Jeff Petry is back on ice.
9:24 of 3rd period - Patrick Wey is hit by William Colbert and loses puck.
9:41 of 3rd period - Dylan Blujus is hit by William Colbert and loses puck.
10:00 of 3rd period - Keegan Lowe is hit by Pasi Salonen and loses puck.
10:15 of 3rd period - Minor Penalty to Marc-André Bernier for Slashing.
10:16 of 3rd period - Max Reinhart wins face-off versus Stephane Da Costa in Senators zone.
10:45 of 3rd period - Slapshot by Mike Weber.
10:45 of 3rd period - Shot Blocked by Chris Thorburn.
10:47 of 3rd period - Slapshot by Kris Russell.
10:47 of 3rd period - Stopped by Brad Thiessen with a rebound.
10:49 of 3rd period - Slapshot by Kris Russell.
10:49 of 3rd period - Stopped by Brad Thiessen with a rebound.
10:51 of 3rd period - Slapshot by Mike Weber.
10:51 of 3rd period - Stopped by Brad Thiessen with a rebound.
10:53 of 3rd period - Snap shot by Mike Weber.
10:53 of 3rd period - Shot Blocked by Shane Sims.
10:55 of 3rd period - Wrist shot by Kris Russell.
10:55 of 3rd period - Stopped by Brad Thiessen without a rebound.
10:56 of 3rd period - Stephane Da Costa wins face-off versus Mika Zibanejad in Senators zone.
10:56 of 3rd period - Stephane Da Costa is hit by Guillaume Desbiens.
11:05 of 3rd period - Off-side.
11:06 of 3rd period - Mika Zibanejad wins face-off versus Stephane Da Costa in neutral zone.
11:09 of 3rd period - Snap shot by Griffin Reinhart.
11:09 of 3rd period - Deflect By Guillaume Desbiens.
11:09 of 3rd period - Stopped by Brad Thiessen with a rebound.
11:11 of 3rd period - Wrist shot by Mika Zibanejad.
11:11 of 3rd period - Shot Misses the Net.
11:13 of 3rd period - Slapshot by Griffin Reinhart.
11:13 of 3rd period - Stopped by Brad Thiessen without a rebound.
11:14 of 3rd period - Stephane Da Costa wins face-off versus Mika Zibanejad in Senators zone.
11:49 of 3rd period - Wrist shot by Mike Weber.
11:49 of 3rd period - Shot Blocked by Shane Sims.
12:15 of 3rd period - Penalty to Marc-André Bernier is over, Marc-André Bernier is back on ice.
12:33 of 3rd period - Snap shot by Tomas Jurco.
12:33 of 3rd period - Stopped by Igor Bobkov with a rebound.
12:35 of 3rd period - Minor Penalty to Griffin Reinhart for Hooking.
12:36 of 3rd period - Tommy Wingels wins face-off versus Max Reinhart in Remparts zone.
13:29 of 3rd period - Snap shot by Matt Frattin.
13:29 of 3rd period - Goal by Matt Frattin - Remparts : 2 - Senators : 4.
13:30 of 3rd period - Stephane Da Costa wins face-off versus Mika Zibanejad in neutral zone.
13:35 of 3rd period - Wrist shot by Stephane Da Costa.
13:35 of 3rd period - Shot Misses the Net.
13:37 of 3rd period - Snap shot by Nicolas Deslauriers.
13:37 of 3rd period - Shot Blocked by Kris Russell.
13:39 of 3rd period - Wrist shot by Chris Thorburn.
13:39 of 3rd period - Goal by Chris Thorburn - Remparts : 2 - Senators : 5.
13:40 of 3rd period - Mika Zibanejad wins face-off versus Stephane Da Costa in neutral zone.
13:43 of 3rd period - Stephane Da Costa is hit by Alex Galchenyuk and loses puck.
13:54 of 3rd period - Alex Galchenyuk is hit by Chris Thorburn and loses puck.
14:05 of 3rd period - Matt Frattin is hit by Ryan Strome and loses puck.
14:28 of 3rd period - Slapshot by Pasi Salonen.
14:28 of 3rd period - Shot Misses the Net.
14:30 of 3rd period - Wrist shot by Matt Halischuk.
14:30 of 3rd period - Shot Blocked by Shane Prince.
14:32 of 3rd period - Slapshot by Kris Russell.
14:32 of 3rd period - Deflect By Marc-André Bernier.
14:32 of 3rd period - Stopped by Brad Thiessen with a rebound.
14:34 of 3rd period - Slapshot by Cody Ceci.
14:34 of 3rd period - Stopped by Brad Thiessen without a rebound.
14:35 of 3rd period - Stephane Da Costa wins face-off versus Mika Zibanejad in Senators zone.
15:11 of 3rd period - Icing by Shane Sims.
15:12 of 3rd period - Tommy Wingels wins face-off versus Mika Zibanejad in Senators zone.
15:27 of 3rd period - Snap shot by Patrick Wey.
15:27 of 3rd period - Shot Blocked by Griffin Reinhart.
15:57 of 3rd period - Gabriel Landeskog is hit by Daniel Paille and loses puck.
16:45 of 3rd period - Snap shot by Chris Thorburn.
16:45 of 3rd period - Shot Misses the Net.
16:47 of 3rd period - Snap shot by Chris Thorburn.
16:47 of 3rd period - Deflect By Gabriel Landeskog.
16:47 of 3rd period - Stopped by Igor Bobkov with a rebound.
17:44 of 3rd period - Slapshot by Griffin Reinhart.
17:44 of 3rd period - Shot Blocked by Patrick Wey.
19:03 of 3rd period - Slapshot by Mike Weber.
19:03 of 3rd period - Shot Misses the Net.
19:42 of 3rd period - Icing by Patrick Wey.
19:43 of 3rd period - Stephane Da Costa wins face-off versus Mika Zibanejad in Senators zone.
Goals for this period are 0 for Remparts vs 2 for Senators.
Shots for this period are 14 for Remparts vs 10 for Senators.
Back to the Top